 Dungeon Crawl Stone Soup version 0.16-a0-2622-gbfab2ba (webtiles) character file.

111 PolkaDot the Caller (level 4, -2/30 HPs)
             Began as a Vampire Summoner on Nov 22, 2014.
             Killed from afar by an orc wizard (5 damage)
             ... with a puff of frost
             ... on level 3 of the Dungeon.
             The game lasted 00:05:13 (1890 turns).

PolkaDot the Caller (Vampire Summoner)              Turns: 1890, Time: 00:05:14

Health: -2/30      AC:  3    Str:  7    XL:     4   Next: 62%
Magic:  1/7        EV: 10    Int: 18    God:
Gold:   127        SH:  0    Dex: 14    Spells: 3 memorised, 1 level left

rFire  . . .     SeeInvis +     e - +0 dagger
rCold  . . .     Clarity  .     o - +0 leather armour
rNeg   . . .     SustAb   .     (no shield)
rPois  .         Gourm    .     (no helmet)
rElec  .         Spirit   .     (no cloak)
rCorr  .         Warding  .     (no gloves)
rMut   .         Stasis   .     (no boots)
MR     .....                    (no amulet)
Stlth  ++........               (no ring)
                                (no ring)

@: regenerating quickly, not resistant to hostile enchantments, unstealthy
A: bottle blood, fangs 3, see invisible, unbreathing
a: no special abilities


You were on level 3 of the Dungeon.
You were very full.

You visited 1 branch of the dungeon, and saw 3 of its levels.

You collected 127 gold pieces.

Inventory:

Hand weapons
 e - a +0 dagger (weapon)
Armour
 a - a +0 robe
 o - a +0 leather armour (worn)
Jewellery
 k - a +3 ring of protection {unknown}
Scrolls
 c - a scroll of teleportation {unknown}
 d - a scroll of enchant weapon {unknown}
 f - a scroll of amnesia
 h - a scroll of enchant armour {unknown}
 i - a scroll of remove curse {unknown}
 j - 2 scrolls of fog {unknown}
 l - 2 scrolls of magic mapping {unknown}
 m - a scroll of random uselessness {unknown}
 n - a scroll of blinking {unknown}
Potions
 g - 3 potions of restore abilities
Books
 b - a book of Callings

   Spells                             Type                      Level
   *Summon Small Mammal               Summoning                    1
   *Call Imp                          Summoning                    2
   *Call Canine Familiar              Summoning                    3
   Summon Guardian Golem              Hexes/Summoning              4
   Summon Lightning Spire             Summoning/Air                4
   Summon Ice Beast                   Ice/Summoning                4


   Skills:
 - Level 2.1 Dodging
 - Level 3.0 Stealth
 - Level 2.0 Spellcasting
 + Level 6.1 Summonings


You had one spell level left.
You knew the following spells:

 Your Spells              Type           Power        Failure   Level  Hunger
a - Summon Small Mammal   Summ           ###.         1%          1    #......
d - Call Canine Familiar  Summ           ###.....     4%          3    ###....
s - Call Imp              Summ           ###.....     1%          2    ###....


Dungeon Overview and Level Annotations

Branches:
Dungeon (3/15)

Altars:
Fedhas


Innate Abilities, Weirdness & Mutations

Your natural rate of healing is unusually fast.
You can bottle blood from corpses.
You have razor-sharp teeth.
You have supernaturally acute eyesight.
You can survive without breathing.


Message History

The orc wizard casts a spell at you. The magic dart hits your hound.
Your hound dies!
Your hound's corpse disappears in a puff of smoke!
The orc hits your crimson imp with a mace.
Drink which item? (? for menu, Esc to quit)
You feel magically purged.
It was a potion of cancellation.
The orc wizard points at you and mumbles some strange words.
The puff of flame hits you!
* * * LOW HITPOINT WARNING * * *
The orc hits your crimson imp with a mace.
Read which item? (? for menu, Esc to quit)
As you read the scroll labeled SKYNAZ SYROITESUALL, it crumbles to dust.
Forget which spell ([?*] list [ESC] exit)?
Forget which spell ([?*] list [ESC] exit)?
Okay, then.
It was a scroll of amnesia.
The orc wizard casts a spell at you. The puff of frost hits you!
You die...

##############
#............#######
#.####....<.5...@o.##
#.#
#.##.######.5#.......
#)# #.##.# #.#o######
#.# #.##.# #.#.# #<#
#.##.# #...###### #.#
#.##.# #........# #.#
#)##.# #...####.# #.#
#.##.######...# ..#
#...........).#


You could see an orc wizard, an orc and 2 friendly crimson imps.

Vanquished Creatures
  Sigmund (D:2)
  3 giant geckos
  An orc (D:3)
  4 ball pythons
  3 giant cockroaches
  2 hobgoblins
  3 jackals (D:2)
  6 kobolds
  8 goblins
  4 rats
35 creatures vanquished.

Vanquished Creatures (collateral kills)
  An adder (D:2)
  A giant gecko (D:1)
  An orc (D:3)
  A bat (D:2)
  A giant cockroach (D:2)
  2 hobgoblins (D:2)
  2 kobolds (D:1)
  A goblin (D:1)
10 creatures vanquished.

Vanquished Creatures (others)
  A hound (D:3)
  A bat (D:2)
2 creatures vanquished.

Grand Total: 47 creatures vanquished

Notes
Turn   | Place    | Note
--------------------------------------------------------------
     0 | D:1      | PolkaDot, the Vampire Summoner, began the quest for the Orb.
     0 | D:1      | Reached XP level 1. HP: 13/13 MP: 3/3
   408 | D:1      | Reached XP level 2. HP: 17/19 MP: 4/4
   748 | D:1      | Learned a level 2 spell: Call Imp
  1114 | D:2      | Reached skill level 5 in Summonings
  1114 | D:2      | Reached XP level 3. HP: 5/24 MP: 1/6
  1233 | D:2      | Noticed Sigmund
  1239 | D:2      | Learned a level 3 spell: Call Canine Familiar
  1253 | D:2      | Killed Sigmund
  1253 | D:2      | Reached XP level 4. HP: 30/30 MP: 0/7
  1313 | D:2      | Found a blossoming altar of Fedhas.
  1343 | D:2      | Reached skill level 6 in Summonings
  1890 | D:3      | Killed from afar by an orc wizard

Action                   |  1- 3 |  4- 6 || total
-------------------------+-------+-------++-------
Melee: Dagger            |    96 |    61 ||   157
       Unarmed           |     2 |       ||     2
 Cast: Summon Small Mamm |    18 |       ||    18
       Call Imp          |     2 |     2 ||     4
       Call Canine Famil |     1 |     1 ||     2
  Use: Potion            |     5 |     1 ||     6
       Scroll            |       |     1 ||     1
 Stab: Sleeping          |     2 |     1 ||     3
  Eat: Corpse            |    10 |     5 ||    15
